Map: Nightscape CE

Players

Ekelpack - Winner!

  • Race: Zerg Zerg
  • Spawn Location: 1:00

Nyck - Winner!

  • Race: Terran Terran
  • Spawn Location: 1:00

Ricotchet

  • Race: Protoss Protoss
  • League: Platinum
  • Spawn Location: 7:00

madmosquito

  • Race: Protoss Protoss
  • Spawn Location: 7:00

VOD

Have the link to the VOD?

Description

Time

  • Played on: Nov. 19, 2024, 2:52 p.m.
  • Length: 13:06
Show
View Real Time Build Order
Export as new Build Order

Ekelpack Zerg - Winner!

Build Orders: Hatch First 

Get SALT Encoding   

  12  0:00  Drone  
  13  0:13  Overlord  
  13  0:18  Drone  
  14  0:32  Drone  
  15  0:47  Hatchery  
  15  0:49  Drone  
  15  1:05  Spawning Pool  
  15  1:07  Drone  
  15  1:13  Extractor  
  15  1:14  Drone  
  15  1:16  Drone  
  16  1:21  Drone  
  17  1:29  Drone  
  18  1:42  Drone  
  19  2:03  Queen  
  19  2:04  Queen  
  19  2:05  Drone  
  25  2:08  Drone  
  25  2:14  Drone  
  26  2:17  Overlord  
  26  2:28  Drone  
  27  2:30  Drone  
  28  2:38  Drone  
  28  2:39  Drone  
  28  2:40  Lair  
  30  2:46  Drone x3  
  30  2:50  Extractor  
  32  2:59  Overlord  
  32  3:00  Drone  
  33  3:06  Extractor  
  33  3:08  Drone, Extractor  
  33  3:09  Drone  
  33  3:14  Drone  
  33  3:15  Drone x2  
  36  3:21  Drone  
  36  3:25  Drone x3  
  36  3:26  Drone  
  41  3:31  Overlord  
  41  3:37  Spire  
  40  3:42  Drone  
  41  3:52  Drone  
  42  4:01  Drone  
  42  4:02  Drone x2  
  45  4:06  Metabolic Boost  
  45  4:07  Overlord x2  
  45  4:09  Overlord  
  45  4:13  Drone  
  46  4:49  Mutalisk x5  
  46  4:50  Mutalisk x5  
  66  4:54  Zerg Flyer Weapons Level 1  
  66  5:05  Hatchery  
  65  5:07  Zergling x2  
  65  5:08  Zergling x8  
  70  5:15  Evolution Chamber  
  70  5:18  Overlord  
  69  5:24  Drone x2, Infestation Pit  
  70  5:30  Queen  
  72  6:08  Hive  
  72  6:19  Overlord x2  
  72  6:23  Drone x3  
  72  6:24  Drone x7  
  72  6:25  Drone x2  
  82  6:50  Zergling x10  
  82  6:51  Drone x4  
  82  6:52  Drone x2  
  93  6:54  Zerg Flyer Weapons Level 2  
  93  7:10  Extractor  
  93  7:11  Extractor  
  93  7:12  Overlord x2  
  93  7:13  Overlord x2  
  91  7:16  Zerg Melee Weapons Level 1  
  91  7:22  Evolution Chamber  
  90  7:24  Ultralisk Cavern  
  90  7:29  Adrenal Glands  
  89  7:31  Zergling x8  
  89  7:32  Zergling x12  
  89  7:33  Zergling x2  
  101  7:58  Zergling x6  
  101  7:59  Zergling x6  
  96  8:14  Ultralisk x3  
  96  8:15  Ultralisk x3  
  96  8:17  Zergling x4  
  136  8:34  Ultralisk  
  136  8:35  Zergling x4  
  138  8:50  Overlord x5  
  138  8:55  Chitinous Plating  
  138  8:57  Zerg Ground Armor Level 1  
  138  9:00  Overlord  
  138  9:01  Overlord x2  
  138  9:15  Ultralisk x4  
  162  9:33  Zerg Melee Weapons Level 2  
  162  9:36  Zergling x8  
  162  9:37  Zergling x4  
  168  9:43  Spore Crawler  
  168  9:44  Hatchery, Drone  
  167  9:59  Spore Crawler  
  166  10:05  Zergling x4, Ultralisk x3  
  166  10:06  Zergling x8  
  190  10:08  Overseer x2  
  190  10:16  Anabolic Synthesis  
  190  10:36  Zergling x6, Ultralisk  
  190  10:37  Zergling x2  
  185  11:13  Ultralisk x3  
  185  11:14  Zergling x10  
  187  11:25  Zergling x2  
  187  11:26  Zergling x12, Overlord  
  187  11:27  Overlord x3  
  173  11:43  Zergling x2, Ultralisk x2  
  173  11:44  Zergling x4  
  176  11:51  Drone  
  177  12:16  Drone x2  
  177  12:17  Overlord  
  179  12:31  Zergling x6  
Show
View Real Time Build Order
Export as new Build Order

Nyck Terran - Winner!

Build Orders: Reaper Expand 

Get SALT Encoding   

  12  0:00  SCV  
  13  0:12  SCV  
  14  0:29  SCV  
  15  0:46  Command Center  
  15  0:55  Supply Depot  
  15  1:20  Barracks  
  15  1:25  Refinery  
  15  1:27  Refinery  
  15  1:38  SCV  
  16  1:51  SCV  
  17  2:08  Orbital Command  
  17  2:11  Reaper  
  17  2:14  Barracks  
  17  2:15  Orbital Command  
  18  2:33  Barracks  
  18  2:38  SCV  
  19  2:49  SCV  
  19  2:50  SCV  
  21  3:01  SCV  
  21  3:02  SCV  
  21  3:03  Barracks Tech Lab  
  23  3:08  Barracks Reactor  
  23  3:18  SCV  
  23  3:19  SCV  
  25  3:43  SCV x2  
  26  3:49  Command Center  
  26  3:54  Barracks Reactor  
  26  3:55  Combat Shield  
  26  3:58  SCV x2  
  28  4:04  Refinery  
  28  4:06  Refinery  
  28  4:10  SCV x2  
  30  4:20  Marine x2  
  30  4:22  SCV x2  
  34  4:30  Supply Depot  
  34  4:37  Engineering Bay  
  34  4:39  SCV x2  
  36  4:46  Marine  
  36  4:47  Marine  
  36  4:51  Marine x3  
  36  4:52  SCV x2  
  43  4:53  Supply Depot  
  43  5:04  SCV x2  
  45  5:07  Marine x2  
  45  5:10  Terran Infantry Weapons Level 1  
  45  5:13  Engineering Bay  
  47  5:14  Stimpack  
  47  5:16  Supply Depot  
  47  5:18  Factory  
  47  5:19  SCV x2  
  49  5:23  Barracks  
  49  5:27  Marine x3  
  52  5:31  SCV  
  52  5:32  SCV  
  54  5:38  Supply Depot  
  54  5:40  Terran Infantry Armor Level 1  
  54  5:44  SCV x2  
  54  5:46  Marine  
  54  5:47  Marine x3  
  54  5:48  Marine  
  61  5:53  Orbital Command  
  61  5:56  SCV x2  
  63  6:00  Supply Depot  
  63  6:08  SCV x2  
  65  6:12  Starport  
  65  6:23  Supply Depot  
  65  6:27  Missile Turret, Armory  
  65  6:31  Missile Turret  
  66  6:32  SCV  
  66  6:33  SCV x2  
  66  6:34  Marine x2  
  66  6:35  Marine x3  
  73  6:45  SCV x3  
  76  6:47  Supply Depot  
  76  6:57  SCV x3, Missile Turret  
  76  7:00  Marine x5  
  76  7:01  Command Center  
  84  7:09  SCV x3  
  84  7:10  Starport Reactor  
  84  7:11  Supply Depot  
  84  7:13  Starport  
  84  7:15  Terran Infantry Weapons Level 2  
  87  7:19  Marine  
  87  7:20  Marine x3  
  87  7:21  SCV x3, Marine  
  95  7:23  Barracks Reactor  
  95  7:33  Supply Depot, SCV x2  
  95  7:34  SCV  
  98  7:37  Marine x2  
  98  7:41  Terran Vehicle And Ship Armor Level 1  
  98  7:43  Terran Infantry Armor Level 2  
  100  7:45  SCV  
  100  7:49  Medivac x2  
  100  7:50  Starport Reactor  
  105  7:57  Supply Depot  
  105  7:59  Starport  
  105  8:02  SCV x3  
  108  8:06  Refinery  
  108  8:09  Refinery  
  108  8:13  Orbital Command  
  108  8:17  Missile Turret  
  108  8:19  Supply Depot  
  108  8:20  SCV x3  
  111  8:29  Marine x5  
  111  8:30  Marine x2  
  111  8:32  SCV x3, Medivac x3  
  111  8:33  Medivac  
  129  8:39  Refinery  
  129  8:43  SCV  
  129  8:44  SCV x2  
  129  8:45  SCV  
  133  8:50  Marine x6  
  133  8:51  Marine  
  140  8:56  Starport Reactor  
  140  9:02  Viking x2  
  144  9:05  SCV x3  
  147  9:12  SCV, Marine  
  147  9:13  Marine x6  
  155  9:17  SCV  
  155  9:19  Supply Depot  
  156  9:25  Refinery  
  156  9:29  Supply Depot  
  156  9:34  Terran Infantry Weapons Level 3  
  156  9:36  Marine, Terran Vehicle And Ship Armor Level 2  
  156  9:37  Marine  
  156  9:41  SCV, Marine x5  
  156  9:43  Supply Depot, SCV  
  163  9:50  SCV  
  163  9:51  SCV  
  165  9:53  Supply Depot, Marine  
  165  9:54  Marine  
  165  9:58  Marine, Viking x2  
  172  10:01  Terran Infantry Armor Level 3  
  172  10:05  Viking x4  
  172  10:06  Supply Depot  
  180  10:14  Marine x6  
  180  10:16  Marine  
  180  10:18  Supply Depot  
  187  10:28  Viking x2  
  191  10:29  SCV  
  191  10:30  Supply Depot, SCV x3  
  191  10:32  Marine  
  196  10:36  Command Center  
  196  10:39  Marine x2  
  196  10:40  Viking  
  200  10:53  Supply Depot  
  200  11:10  Viking  
  200  11:28  Marine  
  200  11:39  Marine x2  
  196  12:06  Marine x4  
Show
View Real Time Build Order
Export as new Build Order

Ricotchet Protoss 

Build Orders: 1 Gate Expand, Phoenix Opening, Carriers, Carrier Rush 

Get SALT Encoding   

  12  0:01  Probe  
  13  0:13  Probe  
  14  0:24  Pylon  
  14  0:25  Probe  
  15  0:42  Probe  
  16  0:43  Gateway  
  16  0:48  Assimilator  
  16  0:54  Probe  
  17  1:06  Probe  
  18  1:18  Probe  
  19  1:30  Probe  
  20  1:38  Nexus  
  20  1:43  Probe  
  21  1:51  Cybernetics Core  
  21  1:54  Assimilator  
  21  1:55  Probe  
  22  2:07  Probe  
  22  2:19  Probe  
  22  2:20  Pylon  
  23  2:38  Probe  
  23  2:41  Warp Gate  
  24  2:48  Stargate  
  24  2:50  Probe  
  25  2:56  Probe  
  26  3:02  Probe  
  26  3:05  Stargate  
  27  3:07  Pylon  
  27  3:11  Assimilator, Probe  
  28  3:14  Probe  
  27  3:36  Probe  
  27  3:38  Phoenix (Chrono Boost)  
  30  3:44  Probe  
  32  3:48  Probe (Chrono Boost)  
  32  3:49  Assimilator  
  32  3:54  Fleet Beacon  
  32  3:57  Probe (Chrono Boost)  
  34  4:06  Probe (Chrono Boost)  
  34  4:07  Probe (Chrono Boost)  
  35  4:12  Probe (Chrono Boost)  
  35  4:13  Probe (Chrono Boost)  
  37  4:24  Nexus  
  37  4:33  Probe (Chrono Boost)  
  37  4:37  Probe (Chrono Boost)  
  39  4:43  Probe (Chrono Boost)  
  41  4:47  Probe (Chrono Boost)  
  41  4:52  Carrier (Chrono Boost)  
  47  4:55  Probe (Chrono Boost)  
  49  5:00  Probe (Chrono Boost)  
  49  5:06  Pylon  
  49  5:10  Probe (Chrono Boost)  
  49  5:12  Probe (Chrono Boost)  
  51  5:15  Probe (Chrono Boost)  
  51  5:21  Carrier (Chrono Boost), Probe  
  53  5:26  Probe  
  60  5:33  Probe  
  60  5:35  Pylon  
  61  5:38  Probe  
  61  5:39  Pylon  
  55  5:53  Phoenix (Chrono Boost)  
  56  6:10  Pylon  
  56  6:14  Phoenix (Chrono Boost)  
  56  6:15  Phoenix (Chrono Boost)  
  60  6:21  Stargate  
  60  6:22  Probe  
  61  6:31  Phoenix  
  63  6:35  Stargate  
  63  6:37  Stargate  
  63  6:38  Pylon  
  61  6:50  Phoenix  
  61  6:54  Probe x2  
  65  6:56  Assimilator, Probe  
  65  7:00  Assimilator  
  66  7:02  Shield Battery  
  66  7:06  Probe x2  
  68  7:09  Probe  
  68  7:12  Pylon  
  68  7:13  Phoenix x2  
  73  7:18  Probe x2  
  73  7:21  Probe  
  76  7:26  Phoenix  
  78  7:35  Probe  
  78  7:36  Probe  
  80  7:39  Protoss Air Weapons Level 1 (Chrono Boost)  
  80  7:43  Probe  
  81  7:47  Probe  
  81  7:49  Phoenix x2  
  82  8:22  Carrier x2  
  82  8:24  Probe x3  
  97  8:36  Probe x3  
  100  8:48  Probe  
  101  8:52  Forge  
  101  8:54  Nexus  
  109  8:57  Void Ray, Pylon  
  109  8:58  Void Ray  
  109  8:59  Pylon  
  109  9:03  Pylon  
  109  9:09  Pylon  
  113  9:21  Void Ray  
  117  9:32  Void Ray  
  117  9:33  Protoss Air Weapons Level 2 (Chrono Boost)  
  117  9:47  Carrier x2  
  129  9:54  Probe, Pylon  
  129  9:56  Probe  
  131  10:00  Carrier  
  131  10:05  Probe  
  138  10:09  Anion Pulse-Crystals  
  138  10:16  Probe  
  139  10:22  Oracle  
  139  10:24  Probe  
  139  10:25  Probe x2  
  139  10:28  Probe  
  146  10:33  Carrier  
  152  10:36  Probe  
  152  10:37  Probe x2  
  155  10:44  Pylon  
  155  10:45  Pylon  
  155  10:47  Pylon  
  155  10:48  Pylon  
  155  10:51  Pylon  
  93  11:59  Carrier  
  101  12:02  Void Ray  
  101  12:03  Void Ray x3  
  83  12:24  Sentry  
Show
View Real Time Build Order
Export as new Build Order

madmosquito Protoss 

Build Orders: 1 Gate Expand 

Get SALT Encoding   

  12  0:02  Probe  
  13  0:14  Probe  
  14  0:21  Pylon  
  14  0:26  Probe  
  15  0:39  Probe  
  16  0:46  Gateway  
  16  0:51  Probe  
  17  1:03  Probe  
  18  1:15  Probe  
  19  1:26  Nexus  
  19  1:27  Probe  
  19  1:30  Assimilator  
  20  1:37  Forge  
  21  1:44  Cybernetics Core  
  20  1:48  Zealot (Chrono Boost)  
  22  1:57  Probe  
  23  2:05  Assimilator  
  23  2:08  Pylon  
  23  2:28  Photon Cannon  
  23  2:29  Warp Gate (Chrono Boost)  
  23  2:30  Probe  
  24  2:42  Probe (Chrono Boost)  
  24  2:43  Probe (Chrono Boost)  
  26  2:50  Adept  
  29  2:53  Probe x2 (Chrono Boost)  
  29  2:57  Probe (Chrono Boost)  
  30  2:58  Pylon  
  30  3:01  Probe  
  30  3:02  Pylon  
  32  3:08  Probe  
  33  3:21  Photon Cannon  
  33  3:22  Photon Cannon  
  33  3:48  Assimilator, Probe  
  34  3:49  Assimilator  
  34  3:52  Probe  
  34  3:55  Stalker (Chrono Boost)  
  35  4:00  Probe  
  38  4:04  Probe  
  39  4:12  Probe  
  40  4:22  Probe  
  41  4:24  Probe  
  42  4:39  Stalker, Robotics Facility  
  42  4:45  Probe  
  45  4:46  Nexus, Probe  
  45  4:50  Shield Battery  
  45  4:51  Pylon  
  46  4:57  Probe  
  46  4:58  Probe  
  48  5:05  Gateway  
  48  5:06  Gateway  
  48  5:09  Stalker, Probe  
  48  5:10  Probe  
  52  5:14  Shield Battery  
  52  5:21  Probe  
  52  5:23  Probe  
  54  5:28  Observer (Chrono Boost)  
  55  5:48  Stalker  
  57  5:52  Photon Cannon  
  57  6:09  Photon Cannon  
  57  6:10  Stalker x2, Pylon  
  57  6:11  Pylon  
  61  6:15  Photon Cannon  
  61  6:17  Photon Cannon  
  61  6:19  Assimilator  
  61  6:24  Assimilator, Twilight Council  
  60  6:49  Stalker  
  60  6:50  Stalker x2  
  60  6:52  Probe x3  
  69  6:59  Observer (Chrono Boost)  
  70  7:04  Pylon  
  70  7:05  Pylon  
  70  7:07  Pylon  
  70  7:11  Templar Archives  
  70  7:12  Photon Cannon  
  70  7:17  Pylon  
  70  7:23  Photon Cannon  
  70  7:25  Photon Cannon  
  70  7:26  Stalker, Pylon  
  70  7:27  Stalker x2  
  76  7:30  Forge, Protoss Ground Weapons Level 1 (Chrono Boost), Pylon  
  76  7:39  Blink (Chrono Boost)  
  76  7:41  Robotics Bay  
  76  7:49  Probe  
  75  8:06  Photon Cannon  
  75  8:20  Stalker x3  
  75  8:26  Gateway  
  81  8:29  Gateway  
  81  8:31  Gateway  
  81  8:37  Gravitic Boosters (Chrono Boost)  
  81  8:47  Shield Battery  
  81  9:03  Immortal (Chrono Boost)  
  85  9:11  Gateway  
  85  9:13  Photon Cannon  
  85  9:20  High Templar x3  
  91  9:26  Gateway  
  91  9:36  Archon  
  91  9:38  High Templar x3  
  97  9:42  Archon x2  
  97  9:47  Photon Cannon  
  97  9:49  Shield Battery  
  97  9:53  High Templar  
  97  9:54  High Templar x2  
  97  9:59  Charge (Chrono Boost), Archon  
  103  10:00  Probe  
  103  10:01  Protoss Ground Weapons Level 2 (Chrono Boost), Probe  
  103  10:03  Protoss Shields Level 1 (Chrono Boost)  
  105  10:10  Psionic Storm  
  105  10:12  High Templar x4  
  113  10:18  Shield Battery, Archon x2  
  113  10:30  Zealot  
  113  10:31  Zealot x3  
  98  11:21  High Templar x4  
  98  11:22  High Templar x4  
  102  11:27  Archon x3  
  102  11:28  Archon  
  47  11:47  Pylon  
  47  11:50  Pylon  
  47  11:52  Pylon  
  30  11:54  Pylon  
  30  11:58  Zealot x2  
  30  11:59  Zealot x5  
  30  12:00  Zealot  
  46  12:03  Pylon  
  46  12:09  Gateway  
  46  12:11  Gateway  
  46  12:14  Gateway  
  46  12:17  Disruptor (Chrono Boost)  
  50  12:26  Zealot x4  
  50  12:27  Zealot x4  
Tags
 
Add a new tag
Caveats
  • Supply blocks, unpowered buildings, or Contaminate may cause inaccurate times.
  • Supply counts are checked every 10 seconds.